 Dungeon Crawl Stone Soup version 0.24-a0-809-g71cb82dfb8 (webtiles) character file.

Game seed: 14503284393346874028, levelgen mode: deterministic

330261 Argons the Earth Mage (level 23, -35/127 HPs)
             Began as a Kobold Wizard on Oct 8, 2019.
             Was the Champion of Vehumet.
             Killed from afar by a fire giant (44 damage)
             ... with a fireball
             ... on level 3 of the Depths on Oct 11, 2019.
             The game lasted 08:12:39 (77826 turns).

Argons the Earth Mage (Kobold Wizard)              Turns: 77826, Time: 08:12:39

Health: -35/127    AC: 14    Str:  4    XL:     23   Next: 10%
Magic:  6/43       EV: 27    Int: 27    God:    Vehumet [******]
Gold:   3602       SH:  0    Dex: 16    Spells: 22/54 levels left

rFire    . . .     SeeInvis .   Y - staff of earth
rCold    + . .     Gourm    .   (shield currently unavailable)
rNeg     . . .     Faith    .   K - +2 robe {MR+}
rPois    .         Spirit   .   G - +2 helmet
rElec    .         Reflect  .   U - +0 cloak of Piosorac {rC+ Stlth+}
rCorr    .         Harm     .   C - +2 pair of gloves
MR       ++++.                  L - +2 pair of boots {run}
Stlth    +++++++...             M - amulet of magic regeneration
HPRegen  0.31/turn              l - ring of protection from magic
MPRegen  0.53/turn              V - ring of protection from magic

@: invisible, quick
A: small, carnivore
}: 1/15 runes: gossamer
a: Renounce Religion


You were on level 3 of the Depths.
You worshipped Vehumet.
Vehumet was exalted by your worship.
You were completely stuffed.

You visited 8 branches of the dungeon, and saw 38 of its levels.

You collected 3787 gold pieces.
You spent 185 gold pieces at shops.

Inventory:

Hand Weapons
 m - a +7 short sword of venom
Missiles
 k - 22 poisoned darts
 t - 7 atropa-tipped darts
 y - 13 curare-tipped darts (quivered)
Armour
 o - a +2 robe of positive energy
 x - the +1 ring mail of Misanthropy {rElec rPois Str+8 Dex-4}
   (You took it off an orc in the Ecumenical Temple)

   It affects your strength (+8).
   It affects your dexterity (-4).
   It insulates you from electricity.
   It protects you from poison.
 C - a +2 pair of gloves (worn)
 D - a scarf of resistance
 E - a +2 robe of the Archmagi
 G - a +2 helmet (worn)
 K - a +2 robe of magic resistance (worn)
 L - a +2 pair of boots of running (worn)
 U - the +0 cloak of Piosorac (worn) {rC+ Stlth+}
   (You found it on level 1 of the Depths)

   It protects you from cold.
   It makes you more stealthy.
 X - a +1 robe of resistance
Magical Staves
 Y - an uncursed staff of earth (weapon)
Jewellery
 h - an uncursed ring of protection from fire
 l - a ring of protection from magic (left hand)
 v - an uncursed ring of protection from fire
 z - an uncursed ring of ice
 M - an amulet of magic regeneration (around neck)
 O - an uncursed ring of fire
 P - an uncursed ring of magical power
 Q - the ring of Foebb {rElec rPois MR- Str+6 SInv}
   (You found it on level 15 of the Dungeon)

   [ring of see invisible]

   It affects your strength (+6).
   It insulates you from electricity.
   It protects you from poison.
   It affects your resistance to hostile enchantments.
   It lets you see invisible.
 V - a ring of protection from magic (right hand)
Wands
 n - a wand of paralysis (26)
 p - a wand of clouds (12)
 A - a wand of acid (15)
Scrolls
 a - 7 scrolls of fog
 e - 9 scrolls of teleportation
 r - 4 scrolls of identify
 w - 15 scrolls of remove curse
 B - 2 scrolls of silence
 H - 8 scrolls of amnesia
 J - 3 scrolls of holy word
 N - a scroll of blinking
 T - 6 scrolls of magic mapping
 Z - a scroll of summoning
Potions
 b - 3 potions of cancellation
 c - a potion of flight
 f - 9 potions of curing
 g - 4 potions of brilliance
 i - 6 potions of agility
 j - 7 potions of mutation
 q - 4 potions of magic
 s - 6 potions of heal wounds
 u - 5 potions of might
 F - a potion of resistance
 I - 3 potions of haste
 W - a potion of invisibility
Miscellaneous
 S - a phantom mirror
Comestibles
 d - 79 rations


   Skills:
 - Level 8.0 Fighting
 - Level 15.0 Dodging
 - Level 15.0 Stealth
 - Level 16.0 Spellcasting
 + Level 17.5 Conjurations
 - Level 1.0 Summonings
 - Level 1.0 Translocations
 + Level 17.5 Fire Magic
 + Level 17.5 Earth Magic


You had 22 spell levels left.
You knew the following spells:

 Your Spells              Type           Power        Failure   Level  Hunger
a - Magic Dart            Conj           ####         0%          1    None
b - Throw Flame           Conj/Fire      ######       0%          2    None
c - Blink                 Tloc           N/A          2%          2    None
d - Conjure Flame         Conj/Fire      #######.     0%          3    None
e - Mephitic Cloud        Conj/Pois/Air  ######..     1%          3    None
f - Bolt of Magma         Conj/Fire/Erth ########..   1%          5    None
g - Searing Ray           Conj           ######       0%          2    None
h - Stone Arrow           Conj/Erth      ######       0%          3    None
i - Sticky Flame          Conj/Fire      #######.     0%          4    None
j - Call Imp              Summ           ####....     2%          2    None
k - Fireball              Conj/Fire      #######...   1%          5    None

Your spell library contained the following spells:

 Spells                   Type           Power        Failure   Level  Hunger
 Fire Storm               Conj/Fire      #######...   41%         9    #######
 Glaciate                 Conj/Ice       ######....   100%        9    #######
 Tornado                  Air            ###.......   100%        9    #######
 Apportation              Tloc           ####..       1%          1    None
 Summon Small Mammal      Summ           ####         1%          1    None
 Ignite Poison            Fire/Tmut/Pois ######..     1%          3    None
 Static Discharge         Conj/Air       ######..     1%          3    None
 Leda's Liquefaction      Hex/Erth       #######...   1%          4    None
 Irradiate                Conj/Tmut      ######....   1%          5    None
 Lightning Bolt           Conj/Air       ######....   1%          5    None
 Animate Skeleton         Necr           N/A          2%          1    None
 Confusing Touch          Hex            ###...       2%          1    None
 Pain                     Necr           ###.         2%          1    None
 Corpse Rot               Necr           N/A          3%          2    None
 Slow                     Hex            ###.....     3%          2    None
 Sublimation of Blood     Necr           ###.......   3%          2    None
 Ignition                 Fire           #######...   3%          8    ######.
 Call Canine Familiar     Summ           ####....     4%          3    None
 Summon Guardian Golem    Hex/Summ       ###.....     5%          3    None
 Statue Form              Tmut/Erth      #######..    10%         6    ###....
 Yara's Violent Unravell  Hex/Tmut       ###.......   17%         5    None
 Summon Ice Beast         Ice/Summ       ###.....     19%         4    None
 Summon Lightning Spire   Summ/Air       ###.....     19%         4    None
 Cause Fear               Hex            ###.......   22%         4    None
 Summon Forest            Summ/Tloc      ####......   38%         5    None
 Shatter                  Erth           ########..   41%         9    #######
 Silence                  Hex/Air        ###.......   54%         5    None
 Deflect Missiles         Chrm/Air       ###.......   98%         6    ###....
 Hydra Form               Tmut           ###.......   98%         6    ###....
 Simulacrum               Ice/Necr       ###.......   98%         6    ###....
 Dragon Form              Tmut           ###.......   100%        7    #####..
 Summon Hydra             Summ           ####......   100%        7    #####..
 Discord                  Hex            ###.......   100%        8    ######.


Dungeon Overview and Level Annotations

Branches:
Dungeon (15/15)            Temple (1/1) D:6            Lair (6/6) D:9
 Shoals (0/4) Lair:2       Spider (4/4) Lair:3        Slime (0/5) Lair:6
    Orc (2/2) D:11            Elf (3/3) Orc:2        Vaults (3/5) D:13
  Crypt (0/3) Vaults:2     Depths (4/5) D:15

Altars:
Ashenzari
Cheibriados
Dithmenos
Elyvilon
Fedhas
Gozag
Hepliaklqana
Kikubaaqudgha
Makhleb
Nemelex Xobeh
Okawaru
Qazlal
Ru
Sif Muna
Trog
Uskayaw
Vehumet
Wu Jian
Xom
Yredelemnul
Zin
The Shining One
Beogh
Lugonu

Shops:
Orc:2 [(*:   Depths:2 =

Portals:
Hell: Depths:1 Depths:2 Depths:3
Pandemonium: Depths:2 Depths:3
Ziggurat: Depths:2

Annotations:
D:10 2 transporters, Amen's ghost, novice GrGl
D:15 1 runed translucent door, PlumEater's ghost, journeyman GrEE
Spider:1 1 runed translucent door, Asterion; pedritolo's ghost, journeyman FeCK
Orc:2 3 runed translucent doors, SkyBlueFox's ghost, journeyman DsFE
Elf:1 3 runed translucent doors
Elf:2 3 runed translucent doors
Depths:4 2 transporters


Innate Abilities, Weirdness & Mutations

You are small and have problems with some larger weapons.
You are carnivorous and can eat meat at any time.


Message History

The fire giant completely misses you.
Casting: Bolt of Magma (safe; 1% risk of failure)
Confirm with . or Enter, or press ? or * to list all spells.
Aiming: Bolt of Magma (safe; 1% risk of failure)
Press: ? - help, Shift-Dir - straight line, f/p - fire giant
Aim: a fire giant, wielding a +1 great sword of flaming (severely wounded)
You feel a surge of power!
The bolt of magma hits the fire giant!!
The fire giant partially resists.
The fire giant is almost dead.
The fire giant closely misses you.
A fire giant comes into view.
It is wielding a +2 great sword of flaming.
The fire giant points at you and mumbles some strange words.
The fireball explodes!
The fireball engulfs you!!! The fire giant casts a spell at you.
The bolt of fire hits you!!!
* * * LOW HITPOINT WARNING * * *
You fade into invisibility!
The fire giant points at you and mumbles some strange words.
The fireball explodes!
The fireball engulfs you!!!
You die...

.(..###.....###...#..###.....###.
#..#####..####.....#..####..#####
..#######.###..#.#.....###.######
...#########..#....#.)..#########
##..#######'[...#....#..'#######.
..#.∩#####.)#...).#.#..#'.# ###..
#.##..###..###..#..C..## ..# #..#
.....###..#####..#..C## ..#####
#######''##≈.≈##@...## C'#
##..###.≈.≈##..## ..
##....##≈.≈.≈#### .
##.).#..##≈.≈.≈#
##...#....##≈.≈##
##..........##≈##i
#..#.....#...###9
#...#.....#..###}
##..........##≈##=


You could see 2 fire giants.

Vanquished Creatures
  Nikola (Vaults:2)
  Arachne (Spider:3)
  Jorgrun (Orc:1)
  Frances (D:13)
  A sphinx (Depths:2)
  8 fire giants
  5 ghost moths
  2 orc warlords
  8 vault wardens
  5 emperor scorpions
  A frost giant (Depths:2)
  3 spriggan defenders (Depths:3)
  Aizul (Vaults:2)
  Louise (Spider:1)
  7 ironheart preservers
  11 stone giants
  A ghoul (Vaults:1)
  5 very ugly things (Depths:3)
  An entropy weaver (Spider:2)
  2 vampire knights
  Azrael (Orc:2)
  3 spark wasps
  A merfolk javelineer (Depths:1)
  6 ettins
  Josephine (Orc:2)
  6 fire dragons
  8 yaktaur captains
  A green death (Depths:2)
  6 great orbs of eyes
  5 vault guards
  10 hydras
  2 spriggan air magi
  A monstrous demonspawn (Depths:2)
  4 rakshasas
  10 ice dragons
  4 death knights
  30 two-headed ogres
  12 centaur warriors
  6 death yaks
  4 deep troll earth magi
  7 ogre magi
  13 deep troll shamans
  3 orc high priests
  A tengu warrior (Depths:1)
  A queen ant (Spider:1)
  A vampire mage (Depths:1)
  15 dancing weapons
  A spriggan berserker (Depths:3)
  A titan skeleton (Vaults:3)
  A spriggan (Depths:3)
  Urug (Orc:2)
  19 deep elf knights
  Sonja (Orc:2)
  Nergalle (Lair:1)
  4 shadow wraiths (Depths:1)
  A hell knight (Depths:2)
  2 iron trolls
  6 skeletal warriors
  6 unseen horrors
  4 flayed ghosts (Depths:1)
  19 deep trolls
  2 glowing orange brains
  9 wizards
  13 deep elf archers
  A swamp dragon (shapeshifter) (Elf:2)
  A swamp dragon (Lair:6)
  4 phantasmal warriors
  13 ironbrand convokers
  3 harpies (Vaults:2)
  8 orb spiders
  18 orc knights
  32 deep elf magi
  53 ugly things
  4 necromancers
  20 wolf spiders
  4 cyclopes
  5 orc sorcerers
  A stone giant zombie (Vaults:3)
  8 elephants
  A moth of wrath (Spider:1)
  2 manticores
  Maurice (D:13)
  2 merfolk sirens (Lair:2)
  An eye of devastation (shapeshifter) (Vaults:3)
  A rust devil (Depths:2)
  6 black mambas
  2 torpor snails (Spider:2)
  6 vault sentinels
  18 spiny frogs
  9 rime drakes
  2 efreet
  12 komodo dragons
  32 yaktaurs
  3 kobold demonologists
  2 yaktaurs (shapeshifter)
  11 freezing wraiths
  14 demonic crawlers
  A komodo dragon (shapeshifter) (Vaults:2)
  4 polar bears
  A human skeleton (Vaults:3)
  A red devil (Depths:2)
  A polar bear (shapeshifter) (Vaults:1)
  30 jumping spiders
  12 trolls
  A queen bee (D:9)
  A raiju (shapeshifter) (Vaults:3)
  23 hippogriffs
  13 hornets
  29 slime creatures
  A shadow dragon simulacrum (Vaults:3)
  A hornet (shapeshifter) (Depths:3)
  25 blink frogs
  A dream sheep (shapeshifter) (Vaults:3)
  6 dream sheep
  A shadow (D:15)
  5 air elementals
  2 vampires
  60 redbacks
  11 wyverns
  15 wraiths
  16 water elementals
  19 tarantellas
  Eustachio (D:5)
  19 humans (D:13)
  5 vampire mosquitoes
  Grum (Lair:1)
  36 yaks
  3 hungry ghosts
  7 fire elementals
  4 basilisks
  A neqoxec (Depths:2)
  2 human simulacra
  2 steam dragons
  11 soldier ants
  2 acid dragons
  8 wargs
  13 porcupines
  5 swamp drakes (Lair:6)
  10 water moccasins
  4 hell hounds
  A hornet zombie (D:9)
  58 orc warriors
  An ice dragon simulacrum (Vaults:1)
  An ice beast (D:4)
  2 phantoms
  2 sky beasts
  An elf zombie (Vaults:3)
  2 necrophages
  21 ogres
  2 eyes of draining
  8 boggarts
  20 wolves
  22 centaurs
  15 crocodiles
  A big kobold (D:14)
  A gnoll sergeant (D:8)
  19 bullfrogs
  A glowing shapeshifter simulacrum (Vaults:3)
  A wyvern skeleton (D:14)
  3 earth elementals
  A hornet simulacrum (D:14)
  4 scorpions
  29 killer bees
  2 howler monkeys (D:13)
  8 wights
  4 electric eels
  9 crimson imps
  A bullfrog zombie (D:6)
  6 hounds
  4 jellies
  A quasit (D:14)
  2 centaur zombies
  27 orc priests
  Crazy Yiuf (D:4)
  A gnoll shaman (D:5)
  A bullfrog skeleton (D:8)
  4 centaur skeletons
  28 orc wizards
  4 iguanas
  18 worker ants
  2 worker ant zombies
  8 gnolls
  10 adders
  5 shadow imps
  2 oozes
  4 adder zombies
  2 adder skeletons
  4 worms
  7 dart slugs
  8 leopard geckos
  100 orcs
  6 bats
  9 giant cockroaches
  11 goblins
  4 hobgoblins (D:1)
  10 jackals
  21 kobolds
  4 quokkas
  2 ball pythons
  A ball python skeleton (D:4)
  8 frilled lizards
  10 rats
  2 butterflies
  A fungus (Lair:5)
  A plant (Lair:2)
1612 creatures vanquished.

Vanquished Creatures (collateral kills)
  An iguana (D:4)
1 creature vanquished.

Vanquished Creatures (others)
  An orc wizard (D:6)
  An orc (Vaults:2)
  35 fungi
  29 plants
  6 withered plants (D:8)
72 creatures vanquished.

Grand Total: 1685 creatures vanquished

Notes
Turn   | Place    | Note
-------+----------+-------------------------------------------
     0 | D:1      | Argons the Kobold Wizard began the quest for the Orb.
     0 | D:1      | Reached XP level 1. HP: 10/10 MP: 4/4
   603 | D:1      | Reached XP level 2. HP: 15/15 MP: 3/6
   635 | D:1      | Learned a level 2 spell: Call Imp
   638 | D:1      | Learned a level 2 spell: Blink
  1025 | D:1      | Reached XP level 3. HP: 19/19 MP: 4/7
  2079 | D:2      | Reached XP level 4. HP: 24/24 MP: 4/8
  2163 | D:2      | Learned a level 3 spell: Conjure Flame
  2165 | D:2      | Found a stormy altar of Qazlal.
  2893 | D:2      | Found a sacrificial altar of Ru.
  3164 | D:2      | Reached skill level 5 in Stealth
  3211 | D:2      | Found a basalt altar of Yredelemnul.
  3442 | D:2      | You fall into a shaft and drop 1 floor!
  3442 | D:3      | Found a shimmering altar of Xom.
  3716 | D:2      | Reached XP level 5. HP: 28/28 MP: 6/9
  3917 | D:3      | Found a shimmering altar of Xom.
  4709 | D:3      | Found a hazy altar of Hepliaklqana.
  4881 | D:4      | Found a white marble altar of Elyvilon.
  5070 | D:4      | Noticed an ogre
  5393 | D:4      | Killed an ogre
  5393 | D:4      | Reached skill level 5 in Conjurations
  5393 | D:4      | Reached XP level 6. HP: 32/32 MP: 0/10
  5674 | D:4      | Found a runed translucent door.
  6214 | D:4      | Noticed an ogre
  6231 | D:4      | Killed an ogre
  6231 | D:4      | Reached XP level 7. HP: 36/36 MP: 2/14
  6688 | D:4      | Reached skill level 5 in Spellcasting
  6976 | D:5      | Entered Level 5 of the Dungeon
  7013 | D:5      | Noticed Ijyb
  7016 | D:5      | Noticed Ijyb
  7016 | D:5      | Ijyb changed into Ijyb the soldier ant
  7186 | D:7      | Noticed a water moccasin
  7520 | D:4      | Reached XP level 8. HP: 41/41 MP: 4/16
  7812 | D:4      | Reached skill level 5 in Dodging
  8017 | D:5      | Noticed Eustachio
  8107 | D:4      | Noticed Crazy Yiuf
  8166 | D:4      | Killed Crazy Yiuf
  8777 | D:7      | Found a shadowy altar of Dithmenos.
  9625 | D:6      | Found a shimmering blue altar of Sif Muna.
 10031 | D:6      | Found a staircase to the Ecumenical Temple.
 10276 | D:6      | Reached XP level 9. HP: 32/45 MP: 6/17
 10538 | Temple   | Entered the Ecumenical Temple
 10665 | Temple   | Became a worshipper of Vehumet
 10932 | D:6      | Learned a level 3 spell: Mephitic Cloud
 11115 | D:6      | Identified the +1 ring mail of Misanthropy {rElec rPois
                  | Str+8 Dex-4}
 11461 | D:6      | Found a shattered altar of Ashenzari.
 11461 | D:6      | Found an iron altar of Okawaru.
 11912 | D:6      | Found a shimmering blue altar of Sif Muna.
 12894 | D:7      | Reached skill level 10 in Stealth
 13737 | D:7      | Found a glowing silver altar of Zin.
 14432 | D:8      | Reached * piety under Vehumet
 14432 | D:8      | Offered knowledge of Sandblast by Vehumet.
 14432 | D:8      | Reached XP level 10. HP: 50/50 MP: 9/19
 14511 | D:8      | Noticed a two-headed ogre
 15521 | D:8      | Killed a two-headed ogre
 15740 | D:8      | Reached skill level 1 in Fighting
 16026 | D:8      | Found an ancient bone altar of Kikubaaqudgha.
 16501 | D:9      | Found a staircase to the Lair.
 16680 | D:9      | Found a blossoming altar of Fedhas.
 16765 | D:10     | Entered Level 10 of the Dungeon
 16883 | D:5      | Killed Ijyb the soldier ant
 17042 | D:5      | Killed Eustachio
 17042 | D:5      | Reached ** piety under Vehumet
 17042 | D:5      | Offered knowledge of Throw Flame by Vehumet.
 17046 | D:5      | Learned a level 2 spell: Throw Flame
 17506 | D:9      | Reached skill level 1 in Fire Magic
 17705 | D:9      | Found a sparkling altar of Nemelex Xobeh.
 18005 | D:9      | Reached XP level 11. HP: 38/61 MP: 0/23
 18158 | D:9      | Reached skill level 10 in Dodging
 18626 | D:9      | Noticed a two-headed ogre
 19315 | D:9      | Killed a two-headed ogre
 19493 | Lair:1   | Entered Level 1 of the Lair of Beasts
 19509 | Lair:1   | You fall into a shaft and drop 1 floor!
 19642 | Lair:2   | Noticed a six-headed hydra
 19666 | Lair:2   | Killed a six-headed hydra
 19773 | Lair:2   | HP: 1/61 [spiny frog (16)]
 20186 | Lair:2   | Offered knowledge of Searing Ray by Vehumet.
 20391 | Lair:2   | Learned a level 2 spell: Searing Ray
 20598 | Lair:2   | Learned a level 3 spell: Stone Arrow
 21056 | Lair:1   | Noticed Grum
 21062 | Lair:1   | Killed Grum
 21167 | Lair:1   | Reached XP level 12. HP: 66/66 MP: 19/24
 21412 | Lair:1   | Reached *** piety under Vehumet
 21412 | Lair:1   | Reached skill level 1 in Earth Magic
 21961 | Lair:1   | Noticed Nergalle
 21982 | Lair:2   | Upgraded the game from 0.24-a0-779-g36f0aeb843 to
                  | 0.24-a0-784-g601f8f6d22
 22375 | Lair:2   | Offered knowledge of Sticky Flame by Vehumet.
 22397 | Lair:2   | Learned a level 4 spell: Sticky Flame
 22467 | Lair:2   | Reached skill level 10 in Conjurations
 22502 | Lair:2   | Found a staircase to the Shoals.
 23026 | Lair:3   | Noticed a death yak
 23026 | Lair:3   | Noticed a death yak
 23084 | Lair:3   | Reached skill level 5 in Earth Magic
 23281 | Lair:3   | Noticed a death yak
 23299 | Lair:3   | Killed a death yak
 23499 | Lair:3   | Noticed a death yak
 23513 | Lair:3   | Killed a death yak
 23556 | Lair:3   | Noticed a death yak
 23556 | Lair:3   | Noticed a death yak
 23575 | Lair:2   | Killed a death yak
 23765 | Lair:2   | Killed a death yak
 23765 | Lair:2   | Reached XP level 13. HP: 56/70 MP: 11/25
 24688 | Lair:3   | Noticed a seven-headed hydra
 24693 | Lair:3   | Killed a seven-headed hydra
 24693 | Lair:3   | Reached **** piety under Vehumet
 24992 | Lair:3   | Found a hole to the Spider Nest.
 25205 | Lair:3   | Offered knowledge of Lightning Bolt by Vehumet.
 26618 | Lair:4   | Got a faintly glowing quarterstaff
 26622 | Lair:4   | Identified the cursed +0 quarterstaff of Defence {crush,
                  | MR++ Str-5} (You found it on level 4 of the Lair of Beasts)
 26827 | Lair:4   | Reached skill level 10 in Spellcasting
 27165 | Lair:4   | Noticed a seven-headed hydra
 27364 | Lair:4   | Killed a seven-headed hydra
 27589 | Lair:5   | Reached XP level 14. HP: 76/76 MP: 11/28
 28093 | Lair:5   | Reached ***** piety under Vehumet
 28093 | Lair:5   | Offered knowledge of Conjure Ball Lightning by Vehumet.
 28717 | Lair:5   | You fall into a shaft and drop 1 floor!
 28717 | Lair:6   | Entered Level 6 of the Lair of Beasts
 31419 | Lair:6   | Reached skill level 15 in Stealth
 31817 | Lair:6   | Found a staircase to the Slime Pits.
 31932 | Lair:6   | Reached XP level 15. HP: 80/80 MP: 9/29
 32673 | Lair:6   | Offered knowledge of Bolt of Draining by Vehumet.
 33149 | Lair:1   | Killed Nergalle
 34021 | D:10     | Found a transporter.
 34024 | D:10     | Noticed Amen's ghost (novice GrGl)
 34038 | D:10     | Identified the +7 great mace of Vovosm {crush, rF- Int+6}
 34038 | D:10     | Identified the cursed +0 great mace of Hell's Wrath
                  | {freeze, rPois rF- MP+9 SInv}
 34041 | D:10     | Found a transporter.
 34511 | D:11     | Found a runed translucent door.
 35005 | D:11     | Found a roughly hewn altar of Beogh.
 35034 | D:11     | Reached skill level 15 in Conjurations
 35178 | D:11     | Found a staircase to the Orcish Mines.
 35194 | D:11     | Offered knowledge of Bolt of Magma by Vehumet.
 35201 | D:11     | Learned a level 5 spell: Bolt of Magma
 36364 | D:12     | Upgraded the game from 0.24-a0-784-g601f8f6d22 to
                  | 0.24-a0-789-g35933f4585
 37018 | Orc:1    | Entered Level 1 of the Orcish Mines
 38944 | Orc:1    | Noticed Jorgrun
 39043 | Orc:1    | Killed Jorgrun
 39260 | Orc:2    | Entered Level 2 of the Orcish Mines
 39445 | Orc:1    | Noticed an orc warlord
 39684 | Orc:2    | Found a staircase to the Elven Halls.
 39919 | Orc:2    | Noticed Josephine
 39922 | Orc:2    | Killed Josephine
 39999 | Orc:2    | Noticed Sonja
 40006 | Orc:2    | Killed Sonja
 40006 | Orc:2    | Reached XP level 16. HP: 84/84 MP: 16/32
 40105 | Orc:2    | Found a runed translucent gate.
 40105 | Orc:2    | Found a runed translucent gate.
 40105 | Orc:2    | Found a runed translucent gate.
 40171 | Orc:2    | Noticed Azrael
 40762 | Orc:2    | Killed Azrael
 40979 | Orc:2    | Noticed SkyBlueFox's ghost (journeyman DsFE)
 41140 | Orc:2    | Noticed Urug
 41708 | Orc:2    | Reached ****** piety under Vehumet
 41988 | Orc:2    | Killed Urug
 41988 | Orc:2    | Offered knowledge of Fireball by Vehumet.
 41995 | Orc:2    | Learned a level 5 spell: Fireball
 42251 | Orc:2    | Found a roughly hewn altar of Beogh.
 42350 | Orc:2    | Found Joejiatu's Antique Armour Emporium.
 42360 | Orc:2    | Bought a pair of glowing boots for 120 gold pieces
 42365 | Orc:2    | Identified a +0 pair of boots of running (You bought it in
                  | a shop on level 2 of the Orcish Mines)
 42374 | Orc:2    | Found Jaokoe's General Store.
 42382 | Orc:2    | Bought a potion of curing for 39 gold pieces
 42382 | Orc:2    | Bought a scroll of identify for 26 gold pieces
 42390 | Orc:2    | Found Wool's Antique Weapon Emporium.
 42407 | Orc:2    | Found Seodan's Book Emporium.
 42642 | Elf:1    | Entered Level 1 of the Elven Halls
 42709 | Elf:1    | Found a runed translucent gate.
 42710 | Elf:1    | Found a runed translucent gate.
 42710 | Elf:1    | Found a runed translucent gate.
 42711 | Elf:1    | Noticed a tentacled monstrosity
 42712 | Elf:1    | Noticed a tentacled monstrosity
 42712 | Elf:1    | Noticed a tentacled monstrosity
 43497 | Elf:1    | Reached skill level 10 in Fire Magic
 45168 | Elf:2    | Offered knowledge of Spellforged Servitor by Vehumet.
 45288 | Elf:2    | Reached XP level 17. HP: 88/88 MP: 20/34
 46279 | Elf:2    | Reached skill level 10 in Earth Magic
 47309 | Elf:2    | Found a runed translucent gate.
 47309 | Elf:2    | Found a runed translucent gate.
 47309 | Elf:2    | Found a runed translucent gate.
 47490 | Elf:3    | Entered Level 3 of the Elven Halls
 47981 | Spider:1 | Entered Level 1 of the Spider Nest
 47985 | Spider:1 | Noticed Louise
 48003 | Spider:1 | Killed Louise
 48287 | Spider:1 | Found a runed translucent door.
 48288 | Spider:1 | Noticed pedritolo's ghost (journeyman FeCK)
 48337 | Spider:1 | Offered knowledge of Bolt of Cold by Vehumet.
 48451 | Spider:1 | Noticed Asterion
 50872 | Spider:3 | Noticed Arachne
 50878 | Spider:3 | Killed Arachne
 50878 | Spider:3 | Reached XP level 18. HP: 48/94 MP: 22/36
 51901 | Spider:4 | Entered Level 4 of the Spider Nest
 52537 | Spider:4 | Offered knowledge of Freezing Cloud by Vehumet.
 53852 | Spider:4 | Offered knowledge of Fire Storm by Vehumet.
 53852 | Spider:4 | Offered knowledge of Glaciate by Vehumet.
 53852 | Spider:4 | Offered knowledge of Tornado by Vehumet.
 53852 | Spider:4 | Reached skill level 5 in Fighting
 54915 | Spider:4 | Got a gossamer rune of Zot
 55331 | D:13     | Noticed Frances
 55607 | D:13     | Noticed Maurice
 55613 | D:13     | Killed Maurice
 55727 | D:13     | Found a glowing silver altar of Zin.
 56775 | D:13     | Reached XP level 19. HP: 105/105 MP: 37/37
 56776 | D:13     | Upgraded the game from 0.24-a0-789-g35933f4585 to
                  | 0.24-a0-809-g71cb82dfb8
 56961 | D:13     | Found a gate to the Vaults.
 57016 | D:13     | Killed Frances
 58585 | D:15     | Entered Level 15 of the Dungeon
 58866 | D:15     | Got a warped jade ring
 58890 | D:15     | Identified the ring of Foebb {rElec rPois MR- Str+6 SInv}
                  | (You found it on level 15 of the Dungeon)
 59017 | D:15     | Found a gate leading to a gauntlet.
 59038 | D:15     | Found a staircase to the Depths.
 59220 | D:15     | Found a runed translucent door.
 59221 | D:15     | Noticed PlumEater's ghost (journeyman GrEE)
 59497 | Depths:1 | Entered Level 1 of the Depths
 59997 | Vaults:1 | Entered Level 1 of the Vaults
 60947 | Vaults:1 | Reached skill level 15 in Fire Magic
 61140 | Vaults:1 | Found the +9 heavy crossbow "Sniper" {velocity, Acc+∞ SInv}
 61775 | Vaults:1 | Reached XP level 20. HP: 112/112 MP: 24/38
 62100 | Depths:1 | Got a pitted cloak
 62121 | Depths:1 | Identified the cursed +0 cloak of Piosorac {rC+ Stlth+}
                  | (You found it on level 1 of the Depths)
 62928 | Depths:1 | Reached skill level 15 in Earth Magic
 63109 | Depths:1 | Reached skill level 15 in Spellcasting
 63439 | Depths:1 | Found the +8 arc blade {discharge, rElec}
 63646 | Depths:1 | Found a gateway to Hell.
 64316 | Depths:2 | Reached skill level 15 in Dodging
 64675 | Depths:2 | Found a shattered altar of Ashenzari.
 65101 | Depths:2 | Found a gateway to a ziggurat.
 65132 | Depths:2 | Found Eno Peonn's Jewellery Shop.
 65269 | Depths:2 | Found a one-way gate leading to the halls of Pandemonium.
 67632 | Vaults:1 | Reached XP level 21. HP: 113/117 MP: 16/40
 69251 | Vaults:2 | Noticed Aizul
 69574 | Vaults:2 | Killed Aizul
 69635 | Vaults:2 | Noticed Nikola
 69657 | Vaults:2 | Killed Nikola
 71109 | Vaults:2 | Identified the Disquisition on Sinister Ignition
 71593 | Vaults:2 | Reached XP level 22. HP: 122/122 MP: 22/42
 71742 | Vaults:2 | Found a staircase to the Crypt.
 75679 | Depths:3 | Noticed a caustic shrike
 75679 | Depths:3 | Noticed a caustic shrike
 75734 | Depths:4 | Found a transporter.
 75741 | Depths:4 | Found a transporter.
 75742 | Depths:4 | Found a corrupted altar of Lugonu.
 77233 | Depths:3 | Reached XP level 23. HP: 70/127 MP: 27/43
 77826 | Depths:3 | Killed from afar by a fire giant

Levels and vault maps discovered:
D:1:      dpeg_arrival_radiant, layout_basic
D:2:      layout_basic, nicolae_qazlal_general_emergency,
          nicolae_ru_path_of_blood, minmay_tree_intersection, st_stairs_14,
          yredelemnul_altar_generic
D:3:      minmay_spotlight, layout_rooms, nicolae_overflow_hidden_temple,
          xom_butterflies, first_ration, xom_teletrap_fun
D:4:      minmay_opposing_rooms, layout_basic, elyvilon_altar_5,
          uniq_crazy_yiuf_cottage
D:5:      layout_cave_pools, uniq_eustachio, uniq_ijyb
D:6:      kennysheep_orc_sif_temple, layout_gridville, tgw_sif,
          gammafunk_temple_overflow_elements, minmay_temple_entry_arrows,
          enter_ossuary_3, bh_chokoban
D:7:      layout_cave_pools, zin_scriptorium, overflow_temple_1_default
D:8:      layout_basic, kiku_gazebo_garden_becter
D:9:      layout_loops_corners, fedhas_altar_3,
          nemelex_xobeh_ov_fountains_minmay, lair_entry_dummy, david_nohive_1,
          kennysheep_generic_room_2
D:10:     layout_cave_pools, gammafunk_ghost_smash
D:11:     layout_cave_pools, david_orc_2, special_room [special_room_orc],
          grunt_decor_one_mirror, lightli_airlock
D:12:     layout_basic
D:13:     layout_basic, grunt_vaults_entry_tiered, lemuel_altar_in_water,
          uniq_maurice, uniq_frances
D:14:     layout_roguey, kennysheep_another_room
D:15:     grunt_enter_depths_giant_problem, layout_small_grid,
          gauntlet_entry_generic, ebering_ghost_inner_flame, minmay_misc_feat_x,
          hangedman_decor_peaks_small
Temple:   nicolae_temple_figure_zero
Lair:1:   layout_layer_cave, uniq_nergalle, uniq_grum
Lair:2:   layout_small_grid, elwin_shoals_entry_rooms, serial_bayou_shore_b,
          infiniplex_staircase_pool_2, serial_bayou_shore_a
Lair:3:   layout_regular_city, spider_nest_entry_webs
Lair:4:   layout_loops_ring, beast_lair_carwin_2, lemuel_fruit_tree
Lair:5:   layout_roguey [special_room_mythical_zoo],
          chequers_serial_rivers_small_3, serial_bayou_shore_b,
          grunt_megastairs_4
Lair:6:   guppyfry_lair_end_dragon, layout_cave_pods,
          minmay_slime_entry_pillars, minmay_stone_trees_small
Spider:1: layout_spider_delve, ebering_ghost_reflecting_pool,
          minmay_another_anthill, uniq_asterion, uniq_louise
Spider:2: layout_spider_delve
Spider:3: layout_spider_delve, nicolae_spider_webs_and_nodes, uniq_arachne
Spider:4: spider_rune_water
Orc:1:    layout_caves, uniq_jorgrun
Orc:2:    grunt_orc_cross, layout_diamond_mine, gammafunk_ghost_necromancy,
          uniq_josephine, uniq_sonja, uniq_azrael
Elf:1:    layout_onion_city, ploomutoo_gammafunk_ghost_potion_laboratory,
          minivault_28, drop_trap
Elf:2:    layout_geoelf_grid, serial_sigils, serial_sigils_hangedman_stare,
          serial_sigils_hangedman_confine, special_room [special_room_orc]
Elf:3:    minmay_elf_hall_spiked, layout_geoelf_castle, serial_shops, shop,
          hex_medium
Vaults:1: nicolae_vaults_puzzle_piece, vaults_room_hallway,
          ontoclasm_vaults_claustrophobia, v_pattern_4,
          nicolae_vaults_border_crossing, nicolae_vaults_asterisk,
          nicolae_vaults_angled_halls, vaults_room_fours,
          nicolae_vaults_yaktaur_gun_rack, layout_vaults_omnigrid
Vaults:2: v_misc_11, grunt_vaults_focal, hangedman_vaults_hat, v_misc_9,
          vaults_room_stairs_pillars, blue_anna_dwarven_crypt,
          grunt_vaults_hallway_long, grunt_vaults_funnel, vaults_room_fours,
          vaults_dpeg_encased_lava, layout_vaults_omnicross, uniq_aizul,
          uniq_nikola
Vaults:3: nicolae_vaults_three_branches, nicolae_vaults_twisting_passages,
          hangedman_vaults_slice, hangedman_vaults_variations,
          nicolae_vaults_theta, ontoclasm_vaults_shuriken,
          nicolae_vaults_what_the_h, vaults_mumra_lcd, vaults_room_door_ring,
          nicolae_vaults_asterisk, hangedman_vaults_impose, v_pattern_5,
          ontoclasm_vaults_twist, layout_vaults_big_room
Depths:1: minmay_haunted_quarter, layout_gridlike,
          pf_vacation_house_of_asmodeus, minmay_misc_feat_more_columns,
          lemuel_flamethrower_3, grunt_megastairs_3, serial_bayou_shore_b
Depths:2: kennysheep_cluttered_fort, layout_basic, enter_ziggurat_b,
          pf_coc_iceberg, evilmike_ruin_ashenzari, rand_demon_pan_entry_8,
          serial_shops, shop
Depths:3: regret_index_qazlal_generations, layout_basic, hell_entry,
          rand_demon_pan_entry_1, solitary_fountain
Depths:4: gammafunk_corrupted_shrine, layout_honeycomb, minmay_misc_feat_iff,
          hangedman_abyss_entry_splay, hell_entry

Skill      XL: |  1  2  3  4  5  6  7  8  9 10 11 12 13 14 15 16 17 18 19 20 21 22 |
---------------+-------------------------------------------------------------------+-----
Stealth        | 3 4 5 7 10 11 15 | 15.0
Conjurations   | 2 3 5 6 8 11 13 14 15 16 17 | 17.5
Spellcasting   | 4 5 6 8 10 12 13 14 15 16 | 16.0
Dodging        | 4 5 6 9 10 11 12 13 14 15 | 15.0
Fighting       | 4 7 8 |  8.0
Fire Magic     | 1 8 9 10 12 13 15 16 17 | 17.5
Earth Magic    | 6 7 9 11 12 14 15 16 17 | 17.5
Summonings     | |  1.0
Translocations | |  1.0

Action                   |  1- 3 |  4- 6 |  7- 9 | 10-12 | 13-15 | 16-18 | 19-21 | 22-24 || total
-------------------------+-------+-------+-------+-------+-------+-------+-------+-------++-------
Melee: Unarmed           |     9 |       |       |       |       |       |       |       ||     9
       Dagger            |    12 |       |       |       |       |       |       |       ||    12
       Short sword       |     1 |    12 |    28 |    40 |    65 |       |       |       ||   146
       Staff             |       |       |       |       |       |     8 |     4 |       ||    12
Throw: Dart              |       |    17 |    29 |     5 |     3 |       |       |       ||    54
 Cast: Magic Dart        |    82 |   221 |   461 |   401 |    56 |    15 |    12 |     6 ||  1254
       Call Imp          |       |     2 |     2 |       |     1 |       |       |       ||     5
       Conjure Flame     |       |     2 |    13 |    18 |    18 |     2 |     1 |       ||    54
       Blink             |       |       |     4 |     2 |     5 |       |       |       ||    11
       Throw Flame       |       |       |       |   294 |   815 |   379 |   119 |    16 ||  1623
       Stone Arrow       |       |       |       |    38 |   331 |   123 |     2 |       ||   494
       Mephitic Cloud    |       |       |       |     1 |     7 |     6 |       |       ||    14
       Sticky Flame      |       |       |       |     1 |     2 |       |       |       ||     3
       Searing Ray       |       |       |       |       |     6 |     1 |       |       ||     7
       Bolt of Magma     |       |       |       |       |    57 |   436 |   468 |   235 ||  1196
       Fireball          |       |       |       |       |       |    20 |   158 |    65 ||   243
Evoke: Wand              |       |       |     7 |     3 |     1 |       |       |       ||    11
  Use: Scroll            |     5 |     4 |    10 |    10 |     8 |    15 |     6 |     3 ||    61
       Potion            |       |       |     1 |     1 |     2 |     7 |     4 |     3 ||    18
 Stab: Sleeping          |     1 |       |       |       |       |       |       |       ||     1
  Eat: Chunk             |    12 |    12 |    24 |    29 |    58 |    78 |    54 |    18 ||   285
Armor: Robe              |     2 |     6 |    15 |     9 |     5 |    16 |    17 |     8 ||    78
       Leather armour    |       |       |       |    30 |    92 |    47 |       |       ||   169
       Ring mail         |       |       |       |       |       |    10 |       |       ||    10
Dodge: Dodged            |    31 |    33 |   166 |   240 |   394 |   281 |   160 |    78 ||  1383

Table legend:
 A = Non-vault XP
 B = Vault XP
 C = Vault XP percentage of total XP
 D = Non-vault monster count
 E = Vault monster count
 F = Vault count percentage of total count
                 A         B        C        D         E       F
            +---------+---------+-------+---------+---------+-------
      Total |  402744 |  202910 |  33.5 |    1166 |     444 |  27.6
            +---------+---------+-------+---------+---------+-------
        D:1 |      72 |       2 |   2.7 |      32 |       1 |   3.0
        D:2 |      76 |       2 |   2.6 |      32 |       1 |   3.0
        D:3 |      43 |       2 |   4.4 |      23 |       1 |   4.2
        D:4 |     626 |     217 |  25.7 |      20 |       9 |  31.0
        D:5 |     310 |     359 |  53.7 |      17 |       2 |  10.5
        D:6 |    1160 |     262 |  18.4 |      26 |       5 |  16.1
        D:7 |     970 |       0 |   0.0 |      20 |       0 |   0.0
        D:8 |    2585 |       0 |   0.0 |      30 |       0 |   0.0
        D:9 |    1727 |    2030 |  54.0 |      22 |      16 |  42.1
       D:10 |    2663 |       0 |   0.0 |      19 |       0 |   0.0
       D:11 |    3091 |    3921 |  55.9 |      18 |      42 |  70.0
       D:12 |    5903 |       0 |   0.0 |      26 |       0 |   0.0
       D:13 |    6614 |   11009 |  62.5 |      30 |      27 |  47.4
       D:14 |   17330 |       0 |   0.0 |      53 |       0 |   0.0
       D:15 |    7996 |    1812 |  18.5 |      23 |       1 |   4.2
     Temple |       3 |       0 |   0.0 |       1 |       0 |   0.0
     Lair:1 |    4412 |    1339 |  23.3 |      23 |       5 |  17.9
     Lair:2 |    9169 |     947 |   9.4 |      36 |       2 |   5.3
     Lair:3 |    8547 |     445 |   4.9 |      26 |       2 |   7.1
     Lair:4 |    9737 |    2004 |  17.1 |      36 |       7 |  16.3
     Lair:5 |    7799 |    7737 |  49.8 |      24 |      29 |  54.7
     Lair:6 |   15238 |    5209 |  25.5 |      45 |      19 |  29.7
   Spider:1 |    3780 |    4030 |  51.6 |      10 |      18 |  64.3
   Spider:2 |   11222 |       0 |   0.0 |      34 |       0 |   0.0
   Spider:3 |   14050 |    3987 |  22.1 |      35 |       1 |   2.8
   Spider:4 |   18726 |   22099 |  54.1 |      60 |      39 |  39.4
      Orc:1 |    2740 |    3034 |  52.5 |      25 |       2 |   7.4
      Orc:2 |    3407 |   13324 |  79.6 |      33 |      49 |  59.8
      Elf:1 |   14189 |    6669 |  32.0 |      25 |      12 |  32.4
      Elf:2 |   20708 |    8242 |  28.5 |      40 |      22 |  35.5
      Elf:3 |    3556 |       0 |   0.0 |       5 |       0 |   0.0
   Vaults:1 |   45791 |   10285 |  18.3 |      79 |      18 |  18.6
   Vaults:2 |   55271 |   22105 |  28.6 |      88 |      30 |  25.4
   Vaults:3 |   16355 |   24699 |  60.2 |      40 |      34 |  45.9
   Depths:1 |   34485 |   12554 |  26.7 |      52 |      20 |  27.8
   Depths:2 |   23794 |    5122 |  17.7 |      22 |       7 |  24.1
   Depths:3 |   25337 |   29463 |  53.8 |      32 |      23 |  41.8
   Depths:4 |    3262 |       0 |   0.0 |       4 |       0 |   0.0
            +---------+---------+-------+---------+---------+-------
